 Dungeon Crawl Stone Soup version 0.24.1-14-gf8d2b509d9 (webtiles) character file.

Game seed: 10881823154666996547, levelgen mode: deterministic

53766 Doot the Thaumaturge (level 14, -4/97 HPs)
             Began as a Grey Draconian Venom Mage on May 23, 2020.
             Was a High Priest of Vehumet.
             Slain by an eight-headed hydra (18 damage)
             ... on level 6 of the Lair of Beasts.
             The game lasted 01:26:42 (25010 turns).

Doot the Thaumaturge (Grey Draconian Venom Mage)   Turns: 25010, Time: 01:26:42

Health: -4/97      AC: 17    Str:  8    XL:     14   Next: 32%
Magic:  25/46      EV: 15    Int: 19    God:    Vehumet [*****.]
Gold:   1683       SH:  8    Dex: 22    Spells: 6/40 levels left

rFire    x . .     SeeInvis +   b - staff of power
rCold    + . .     Gourm    .   y - +2 buckler
rNeg     . . .     Faith    .   (armour unavailable)
rPois    .         Spirit   .   L - +1 hat
rElec    +         Reflect  .   A - +0 cloak
rCorr    .         Harm     .   Q - +1 pair of gloves
MR       ++...                  (no boots)
Stlth    +++.......             Z - amulet "Textuogo" {Acrobat SInv}
HPRegen  0.26/turn              G - ring of protection from magic
MPRegen  0.30/turn              T - ring of Hunt {Ice rElec Str-3 Dex+9}

@: radiating poison
A: walk through water, unfitting armour, unbreathing, cold-blooded, AC +13
a: Renounce Religion


You were on level 6 of the Lair of Beasts.
You worshipped Vehumet.
Vehumet was extremely pleased with you.
You were hungry.

You visited 4 branches of the dungeon, and saw 20 of its levels.
You also visited: Sewer.

You collected 1930 gold pieces.
You spent 247 gold pieces at shops.

Inventory:

Hand Weapons
 f - a +2 dagger of speed
 R - the cursed +0 quarterstaff "Trog's Brutal Revenge" {crush, +Inv Str+5, unknown}
   (You found it on level 1 of the Lair of Beasts)

   It inflicts extra damage upon your enemies.
   It affects your strength (+5).
   It lets you turn invisible.
   It has a curse placed upon it.
Missiles
 d - 8 curare-tipped darts
 I - 104 stones (quivered)
Armour
 y - a +2 buckler (worn)
 A - a +0 cloak (worn)
 L - a +1 hat (worn)
 N - the +0 Maxwell's etheric cage {RegenMP+ *Contam rElec MP+4}
   (You found it on level 5 of the Lair of Beasts)

   It insulates you from electricity.
   It affects your magic capacity (+4).
   It causes magical contamination when unequipped.
 Q - a +1 pair of gloves (worn)
Magical Staves
 b - an uncursed staff of power (weapon)
 F - an uncursed staff of cold
 J - an uncursed staff of earth
Jewellery
 e - an uncursed ring of protection from fire
 l - a +6 ring of strength
 r - an uncursed ring of protection from fire
 G - a ring of protection from magic (left hand)
 H - an uncursed ring of positive energy
 P - an uncursed ring of ice
 T - the ring of Hunt (right hand) {Ice rElec Str-3 Dex+9}
   (You found it on level 2 of the Lair of Beasts)

   [ring of ice]

   It enhances your ice magic.
   It affects your strength (-3).
   It affects your dexterity (+9).
   It makes you vulnerable to fire.
   It protects you from cold.
   It insulates you from electricity.
 Z - the amulet "Textuogo" (around neck) {Acrobat SInv}
   (You found it on level 3 of the Lair of Beasts)

   [amulet of the acrobat]

   It helps you evade while moving and waiting.
   It lets you see invisible.
Wands
 w - a wand of enslavement (27)
 x - a wand of iceblast (28)
 B - a wand of polymorph (16)
 C - a wand of disintegration (12)
 D - a wand of digging (11)
Scrolls
 a - 2 scrolls of magic mapping
 g - 5 scrolls of amnesia
 h - 10 scrolls of remove curse
 k - 3 scrolls of immolation
 m - 3 scrolls of fear
 n - 2 scrolls of brand weapon {unknown}
 o - 4 scrolls of fog
 q - 4 scrolls of enchant armour
 K - 2 scrolls of blinking
 M - 3 scrolls of teleportation
 S - a scroll of enchant weapon {unknown}
 V - 3 scrolls of identify
 W - a scroll of noise {unknown}
 X - a scroll of summoning {unknown}
 Y - a scroll of torment {unknown}
Potions
 c - 2 potions of lignification
 i - 9 potions of heal wounds
 j - 3 potions of might
 p - 2 potions of mutation
 s - 4 potions of brilliance
 t - 6 potions of curing
 u - 2 potions of agility
 z - 5 potions of flight
 O - 2 potions of ambrosia {unknown}
 U - a potion of berserk rage {unknown}
Comestibles
 v - 38 rations
 E - 6 chunks of flesh


   Skills:
 + Level 1.9 Fighting
 + Level 0.2 Short Blades
 + Level 1.3 Staves
 + Level 3.7 Dodging
 + Level 4.4 Stealth
 + Level 3.3 Shields
 + Level 13.8 Spellcasting
 + Level 6.6 Conjurations
 + Level 0.9 Charms
 + Level 4.3 Transmutations
 + Level 4.3 Fire Magic
 + Level 5.1 Air Magic
 * Level 11.8 Earth Magic
 + Level 12.2 Poison Magic
 + Level 0.1 Evocations


You had 6 spell levels left.
You knew the following spells:

 Your Spells              Type           Power        Failure   Level  Hunger
a - Sting                 Conj/Pois      ####         1%          1    None
b - Poisonous Vapours     Pois/Air       #####.       1%          2    None
c - Mephitic Cloud        Conj/Pois/Air  #####...     1%          3    None
d - Olgreb's Toxic Radia  Pois           ######..     1%          4    None
e - Conjure Flame         Conj/Fire      ####....     1%          3    None
f - Magic Dart            Conj           ####         1%          1    None
g - Venom Bolt            Conj/Pois      #####.....   1%          5    ####...
h - Sandblast             Erth           ######       1%          1    None
i - Ignite Poison         Fire/Tmut/Pois #####...     1%          3    None
j - Iskenderun's Battles  Conj/Chrm      ####....     9%          5    ####...
k - Poison Arrow          Conj/Pois      #####.....   4%          6    #####..

Your spell library contained the following spells:

 Spells                   Type           Power        Failure   Level  Hunger
 Shock                    Conj/Air       ####         1%          1    None
 Static Discharge         Conj/Air       #####...     1%          3    None
 Airstrike                Air            ####......   1%          4    None
 Petrify                  Tmut/Erth      #####...     1%          4    None
 Swiftness                Chrm/Air       ###.....     2%          2    None
 Alistair's Intoxication  Tmut/Pois      #####...     4%          5    ####...
 Lightning Bolt           Conj/Air       #####.....   4%          5    ####...
 Apportation              Tloc           ##....       5%          1    None
 Confusing Touch          Hex            ##....       5%          1    None
 Summon Butterflies       Summ           ##......     5%          1    None
 Blink                    Tloc           N/A          9%          2    None
 Call Imp                 Summ           ##......     9%          2    None
 Slow                     Hex            ##......     9%          2    None
 Confuse                  Hex            ##......     16%         3    None
 Gell's Gravitas          Tloc           ##........   16%         3    None
 Lesser Beckoning         Tloc           ##........   16%         3    None
 Tukima's Dance           Hex            ##......     16%         3    None
 Yara's Violent Unravell  Hex/Tmut       ###.......   16%         5    ####...
 Metabolic Englaciation   Hex/Ice        ###.......   83%         5    ####...
 Invisibility             Hex            ##......     100%        6    #####..


Dungeon Overview and Level Annotations

Branches:
Dungeon (11/15)            Temple (1/1) D:6            Lair (6/6) D:10
 Shoals (0/4) Lair:2       Spider (0/4) Lair:2        Slime (0/5) Lair:5
    Orc (2/2) D:11            Elf (0/3) Orc:2         Sewer (visited)

Altars:
Ashenzari
Cheibriados
Dithmenos
Elyvilon
Fedhas
Gozag
Hepliaklqana
Kikubaaqudgha
Makhleb
Nemelex Xobeh
Okawaru
Qazlal
Ru
Sif Muna
Trog
Uskayaw
Vehumet
Wu Jian
Xom
Yredelemnul
Zin
The Shining One
Beogh
Jiyva

Shops:
D:4 *   D:10 (   Orc:1 (   Orc:2 **[}

Annotations:
D:4 Grinder
D:6 1 exclusion
D:7 Menkaure
Lair:3 exclusion: ice statue


Innate Abilities, Weirdness & Mutations

You can walk through water.
Your dull iron-grey scales are very hard. (AC +13)
You cannot fit into any form of body armour.
You can survive without breathing.
You are cold-blooded and may be slowed by cold attacks.


Message History

Casting: Olgreb's Toxic Radiance (safe; 1% risk of failure)
Confirm with . or Enter, or press ? or * to list all spells.
Aiming: Poison Arrow (safe; 4% risk of failure)
Press: ? - help, Shift-Dir - straight line, f - dream sheep, p - eight-headed hydra
Aim: a dream sheep The poison arrow hits the eight-headed hydra!
The eight-headed hydra partially resists.
The eight-headed hydra is poisoned.
The eight-headed hydra is almost dead.
The dream sheep is poisoned.
The eight-headed hydra barely misses you.
The eight-headed hydra bites you!
* * * LOW HITPOINT WARNING * * *
The eight-headed hydra misses you.
You block the eight-headed hydra's attack.
The eight-headed hydra bites you!
* * * LOW HITPOINT WARNING * * *
You block the eight-headed hydra's attack.
The eight-headed hydra bites you!!
You die...

##.#.##...#..........#...####..
##.....#...##..........#...#....
##......#..⌠.+....#....##........
#........... #..........###......
..........#+##..........P.###.#.#
#........#..#PP.P#..÷......##.###
#...........#..PP............##
##.............P......##....##
#.......<......#@....####P##.#
P...........P..D.P#...# ######
#.###.......#P...##.### #
##..##..##....###
#..######.#....## #.# ###.###.#
## ### ###


You could see an eight-headed hydra.

Vanquished Creatures
  Gastronok (Lair:1)
  Kirke (Lair:6)
  Harold (D:11)
  Fannar (Lair:3)
  5 hydras
  Erica (Lair:1)
  4 two-headed ogres
  2 death yaks (Lair:5)
  Urug (Lair:4)
  Nergalle (Lair:1)
  Sonja (Lair:3)
  An unseen horror (D:10)
  A lindwurm (Lair:3)
  An orc knight (Orc:1)
  10 orc sorcerers (Orc:2)
  A cyclops (Orc:1)
  Joseph (Lair:1)
  7 black mambas
  Psyche (D:8)
  A torpor snail (Lair:5)
  3 elephants (Lair:4)
  A centaur skeleton (D:10)
  5 spiny frogs
  3 rime drakes
  3 komodo dragons (Lair:6)
  2 jumping spiders (Lair:2)
  A queen bee (D:9)
  5 polar bears
  4 trolls
  8 hippogriffs
  12 blink frogs
  34 yaks
  4 redbacks (Lair:2)
  A wraith (D:10)
  5 hogs (Lair:6)
  3 basilisks
  4 wyverns
  Grum (D:9)
  2 hungry ghosts
  6 wargs
  5 water moccasins
  An acid dragon (D:9)
  5 porcupines
  10 ice beasts
  15 orc warriors
  3 sky beasts
  A necrophage (D:8)
  3 phantoms
  11 ogres
  3 wolves (D:9)
  4 centaurs
  6 crocodiles
  2 big kobolds
  7 bullfrogs
  A gnoll sergeant (D:5)
  A wyvern skeleton (D:6)
  6 scorpions
  28 killer bees
  4 howler monkeys
  An electric eel (Lair:2)
  6 crimson imps
  3 bullfrog zombies
  2 quasits
  3 centaur zombies
  3 bullfrog skeletons
  5 jellies
  Crazy Yiuf (D:6)
  A gnoll shaman (D:8)
  36 orc wizards
  19 orc priests
  9 hounds
  5 iguanas
  18 worker ants
  A killer bee zombie (D:7)
  A hound zombie (D:9)
  3 hound skeletons
  A mummy (D:6)
  10 gnolls
  2 worker ant zombies
  20 adders
  2 river rats
  4 shadow imps
  3 oozes
  An adder skeleton (D:7)
  2 worms
  2 dart slugs (D:1)
  6 leopard geckos
  94 orcs
  6 giant cockroaches
  8 hobgoblins
  7 jackals
  10 kobolds
  2 quokkas
  2 ball pythons
  5 bats
  8 frilled lizards
  8 goblins
  A goblin zombie (D:6)
  A hobgoblin zombie (D:6)
  A jackal skeleton (D:6)
  4 leopard gecko skeletons
  A quokka skeleton (D:5)
  9 rats
  A plant (Lair:6)
604 creatures vanquished.

Vanquished Creatures (others)
  A human (Lair:6)
  A phantom (D:6)
  3 fungi
  7 plants
12 creatures vanquished.

Grand Total: 616 creatures vanquished

Notes
Turn   | Place    | Note
-------+----------+-------------------------------------------
     0 | D:1      | Doot the Draconian Venom Mage began the quest for the Orb.
     0 | D:1      | Reached XP level 1. HP: 14/14 MP: 3/3
   133 | D:1      | Reached XP level 2. HP: 20/20 MP: 0/5
   228 | D:1      | Learned a level 2 spell: Poisonous Vapours
   350 | D:1      | Found an iron altar of Okawaru.
   583 | D:1      | Reached XP level 3. HP: 26/26 MP: 0/6
   599 | D:1      | Learned a level 3 spell: Mephitic Cloud
  1389 | D:2      | Reached XP level 4. HP: 33/33 MP: 0/7
  2214 | D:3      | Reached skill level 1 in Air Magic
  2214 | D:3      | Reached XP level 5. HP: 38/38 MP: 0/9
  2524 | D:3      | Reached skill level 3 in Spellcasting
  2639 | D:3      | Learned a level 4 spell: Olgreb's Toxic Radiance
  2991 | D:3      | Reached XP level 6. HP: 32/45 MP: 11/11
  3170 | D:3      | Found a faded altar of an unknown god.
  3503 | D:4      | Reached skill level 5 in Poison Magic
  3578 | D:4      | Found a glowing drain.
  3582 | Sewer    | Entered a sewer
  3714 | Sewer    | Your scales start taking on a dull iron-grey colour.
  3714 | Sewer    | Reached XP level 7. HP: 44/50 MP: 10/12
  3714 | Sewer    | Gained mutation: You can survive without breathing. [Grey
                  | Draconian growth]
  3807 | Sewer    | Found a white marble altar of Elyvilon.
  4006 | D:4      | Reached skill level 4 in Spellcasting
  4110 | D:4      | Noticed Grinder
  4111 | D:4      | Paralysed by Grinder for 6 turns
  4163 | D:4      | Paralysed by Grinder for 3 turns
  4403 | D:4      | Learned a level 3 spell: Conjure Flame
  4632 | D:4      | You fall into a shaft and drop 2 floors!
  4639 | D:5      | Entered Level 5 of the Dungeon
  4673 | D:5      | Learned a level 1 spell: Magic Dart
  4949 | D:4      | Reached skill level 5 in Spellcasting
  5021 | D:4      | Reached XP level 8. HP: 58/58 MP: 15/15
  5129 | D:4      | Found Omiy's Elemental Accessories.
  5650 | D:5      | Reached skill level 6 in Spellcasting
  5786 | D:5      | Found a sparkling altar of Nemelex Xobeh.
  5786 | D:5      | Found an ornate altar of the Wu Jian Council.
  6910 | D:6      | Reached XP level 9. HP: 63/63 MP: 19/19
  7309 | D:6      | Found a runed translucent door.
  7310 | D:6      | Noticed Crazy Yiuf
  7743 | D:6      | Noticed a seven-headed hydra
  8004 | D:6      | Killed Crazy Yiuf
  8198 | D:7      | Reached skill level 7 in Spellcasting
  8456 | D:7      | Reached skill level 1 in Fire Magic
  8619 | D:7      | Noticed Menkaure
  9063 | D:7      | Learned a level 5 spell: Venom Bolt
  9241 | D:7      | Found a hide-covered altar of Uskayaw.
  9740 | D:6      | Found a staircase to the Ecumenical Temple.
  9749 | Temple   | Entered the Ecumenical Temple
  9918 | Temple   | Became a worshipper of Vehumet
 10083 | D:8      | Reached skill level 8 in Spellcasting
 10084 | D:8      | Reached skill level 1 in Shields
 10162 | D:8      | Noticed Psyche
 10179 | D:8      | Killed Psyche
 10179 | D:8      | Reached XP level 10. HP: 34/70 MP: 22/22
 10786 | D:8      | Reached * piety under Vehumet
 10786 | D:8      | Offered knowledge of Sandblast by Vehumet.
 10822 | D:8      | Learned a level 1 spell: Sandblast
 11851 | D:8      | Reached skill level 1 in Earth Magic
 12185 | D:9      | Reached skill level 9 in Spellcasting
 12185 | D:9      | Reached skill level 1 in Fighting
 12497 | D:9      | Found a glowing silver altar of Zin.
 12522 | D:9      | Reached skill level 1 in Staves
 12563 | D:9      | Reached ** piety under Vehumet
 12563 | D:9      | Offered knowledge of Throw Frost by Vehumet.
 12798 | D:9      | Found a glowing golden altar of the Shining One.
 12944 | D:9      | Found a snail-covered altar of Cheibriados.
 13048 | D:9      | Noticed Grum
 13068 | D:9      | Killed Grum
 13068 | D:9      | Reached XP level 11. HP: 62/78 MP: 24/24
 13420 | D:10     | Entered Level 10 of the Dungeon
 13530 | D:10     | Reached skill level 5 in Earth Magic
 13661 | D:10     | Offered knowledge of Ignite Poison by Vehumet.
 13661 | D:10     | Reached skill level 10 in Spellcasting
 13666 | D:10     | Learned a level 3 spell: Ignite Poison
 13707 | D:10     | Found a staircase to the Lair.
 13846 | D:10     | Noticed a two-headed ogre
 13860 | D:10     | Killed a two-headed ogre
 13860 | D:10     | Reached *** piety under Vehumet
 13899 | D:10     | Reached skill level 5 in Conjurations
 14264 | D:10     | Found Sysaphy's Antique Weapon Emporium.
 14448 | D:10     | Noticed a two-headed ogre
 14453 | D:10     | Killed a two-headed ogre
 14453 | D:10     | Reached skill level 1 in Transmutations
 14568 | D:11     | Noticed Harold
 14579 | D:11     | Killed Harold
 14579 | D:11     | Reached skill level 10 in Poison Magic
 14601 | D:11     | Noticed a skeletal warrior
 14692 | Lair:1   | Entered Level 1 of the Lair of Beasts
 14692 | Lair:1   | Noticed Joseph
 14692 | Lair:1   | Noticed a seven-headed hydra
 14858 | D:11     | Noticed a two-headed ogre
 14870 | D:11     | Killed a two-headed ogre
 14870 | D:11     | Offered knowledge of Static Discharge by Vehumet.
 14870 | D:11     | Reached skill level 11 in Spellcasting
 15007 | D:11     | Found a staircase to the Orcish Mines.
 15172 | D:11     | Noticed a skeletal warrior
 15284 | D:11     | Noticed a skeletal warrior
 15288 | Orc:1    | Entered Level 1 of the Orcish Mines
 15288 | Orc:1    | Noticed a two-headed ogre
 15290 | Orc:1    | Noticed an orc knight
 15293 | Orc:1    | Killed a two-headed ogre
 15294 | Orc:1    | Reached XP level 12. HP: 84/84 MP: 27/27
 15399 | Orc:1    | Found Kobu's Weapon Shoppe.
 15422 | Orc:1    | Found a burning altar of Makhleb.
 15547 | Orc:1    | Reached **** piety under Vehumet
 15738 | Orc:2    | Entered Level 2 of the Orcish Mines
 15860 | Orc:2    | Offered knowledge of Iskenderun's Battlesphere by Vehumet.
 15870 | Orc:2    | Learned a level 5 spell: Iskenderun's Battlesphere
 15886 | Orc:2    | Found a roughly hewn altar of Beogh.
 15903 | Orc:2    | Found a roughly hewn altar of Beogh.
 15906 | Orc:2    | Found a staircase to the Elven Halls.
 16948 | Orc:2    | Found Reoleir's Assorted Antiques.
 16948 | Orc:2    | Found Xaorriora's Assorted Antiques.
 16967 | Orc:2    | Reached ***** piety under Vehumet
 16977 | Orc:2    | Offered knowledge of Bolt of Cold by Vehumet.
 17111 | Orc:2    | Found a roughly hewn altar of Beogh.
 17351 | Orc:2    | Reached skill level 12 in Spellcasting
 17381 | Orc:2    | Found Lumnemoc's Antique Armour Boutique.
 17381 | Orc:2    | Found Lamephul's Gadget Emporium.
 17622 | Orc:2    | Bought a pair of runed gloves for 247 gold pieces
 18338 | Lair:1   | Killed a seven-headed hydra
 18582 | Lair:1   | Killed Joseph
 18654 | Lair:1   | Noticed Gastronok
 18660 | Lair:1   | Noticed Nergalle
 18662 | Lair:1   | Killed Gastronok
 18662 | Lair:1   | Reached XP level 13. HP: 91/91 MP: 28/29
 18665 | Lair:1   | Killed Nergalle
 19125 | Lair:1   | Got a shimmering quarterstaff
 19208 | Lair:1   | Noticed Erica
 19359 | Lair:1   | Killed Erica
 19969 | Lair:2   | Found a staircase to the Shoals.
 20069 | Lair:2   | Reached skill level 10 in Earth Magic
 20430 | Lair:2   | Got a shimmering brass ring
 20538 | Lair:2   | Found a hole to the Spider Nest.
 21056 | Lair:3   | Reached skill level 5 in Air Magic
 21108 | Lair:3   | Got an ancient sapphire amulet
 21127 | Lair:3   | Reached skill level 13 in Spellcasting
 21320 | Lair:3   | Noticed Sonja
 21327 | Lair:3   | Killed Sonja
 21584 | Lair:3   | Found a basalt altar of Yredelemnul.
 21616 | Lair:3   | Noticed Fannar
 21622 | Lair:3   | Killed Fannar
 21748 | Lair:3   | Found a dark tunnel.
 22714 | Lair:4   | Got a steaming rapier
 22715 | Lair:4   | Identified the cursed +0 rapier of the Lamprey {pierce, rC-
                  | Str+3 Dex+4} (You found it on level 4 of the Lair of
                  | Beasts)
 22927 | Lair:4   | Found an opulent altar of Gozag.
 23120 | Lair:4   | Noticed Urug
 23160 | Lair:4   | Killed Urug
 23160 | Lair:4   | Reached XP level 14. HP: 62/97 MP: 17/31
 24102 | Lair:5   | Found a runed translucent door.
 24105 | Lair:5   | Found a viscous altar of Jiyva.
 24110 | Lair:5   | Found a staircase to the Slime Pits.
 24117 | Lair:5   | Identified the amulet "Textuogo" {Acrobat SInv} (You found
                  | it on level 3 of the Lair of Beasts)
 24120 | Lair:5   | Identified the ring of Hunt {Ice rElec Str-3 Dex+9} (You
                  | found it on level 2 of the Lair of Beasts)
 24134 | Lair:5   | Offered knowledge of Poison Arrow by Vehumet.
 24143 | Lair:5   | Learned a level 6 spell: Poison Arrow
 24286 | Lair:5   | Found the +0 Maxwell's etheric cage {RegenMP+ *Contam rElec
                  | MP+4}
 24681 | Lair:6   | Entered Level 6 of the Lair of Beasts
 24684 | Lair:6   | Noticed Kirke
 24694 | Lair:6   | Killed Kirke
 25010 | Lair:6   | Slain by an eight-headed hydra

Levels and vault maps discovered:
D:1:      giann_forest_graveyard, layout_basic, st_stairs_9,
          okawaru_ov_weapons_minmay
D:2:      layout_basic, first_ration
D:3:      layout_rooms, chequers_ecumenical_altar_twisty, chequers_avenue
D:4:      layout_basic, gup_sewer_entry_spiral, nicolae_elemental_shop,
          uniq_grinder
D:5:      layout_basic, gammafunk_temple_overflow_elements,
          kennysheep_decorative_pillar, corexii_corridor_pit
D:6:      minmay_chambers_of_fours, layout_loops_ring, lemuel_temple_firewalk_a,
          nicolae_ossuary_entry_giza, lemuel_flamethrower_2,
          uniq_crazy_yiuf_cottage
D:7:      layout_basic, lemuel_crystal_altar, grunt_ministairs_9, uniq_menkaure
D:8:      layout_loops_ring, uniq_psyche
D:9:      layout_small_grid, tso_altar, nicolae_overflow_crystal_walls,
          cheibriados_altar_1, hangedman_abyss_or_decor_stagger, david_nohive_1,
          uniq_grum
D:10:     layout_small_grid, minmay_lair_entry_grove, serial_shops, shop
D:11:     layout_roguey, david_orc_3, uniq_harold
Temple:   regret_index_temple_sphere_string
Lair:1:   layout_regular_city, grunt_forest_stairs_basic, uniq_gastronok,
          uniq_joseph, uniq_nergalle, uniq_erica
Lair:2:   layout_cave_pods, elwin_shoals_entry_rooms,
          nicolae_spider_entry_tight_spaces
Lair:3:   layout_small_grid, nicolae_volcano_entry_vermiform, basic_altar,
          ice2_lemuel, lemuel_fruit_tree, lemuel_fruit_fields, uniq_fannar,
          uniq_sonja
Lair:4:   layout_cave_pods, basic_altar, uniq_urug
Lair:5:   layout_long_grid, slime_altar_2, infiniplex_staircase_pool_2,
          grunt_megastairs_2
Lair:6:   evilmike_catoblepas_cave, layout_cave_shapes, grunt_megastairs_4,
          uniq_kirke
Orc:1:    layout_caves, serial_shops, nicolae_shop_window_shopping,
          bloody_makhleb
Orc:2:    st_orc_town, layout_diamond_mine, basic_altar, minmay_orc_temple_a

Skill      XL: |  1  2  3  4  5  6  7  8  9 10 11 12 13 14 |
---------------+-------------------------------------------+-----
Dodging        | 2 3 |  3.7
Stealth        | 2 3 4 |  4.4
Poison Magic   | 4 5 6 7 8 9 10 11 12 | 12.2
Air Magic      | 1 2 3 4 5 |  5.1
Spellcasting   | 3 5 6 8 9 11 12 13 | 13.8
Conjurations   | 2 3 4 5 6 |  6.6
Fire Magic     | 1 2 3 4 |  4.3
Shields        | 1 3 |  3.3
Earth Magic    | 4 7 9 11 | 11.8
Fighting       | 1 |  1.9
Staves         | 1 |  1.3
Transmutations | 2 3 4 |  4.3
Short Blades   | |  0.2
Charms         | |  0.9
Evocations     | |  0.1

Action                   |  1- 3 |  4- 6 |  7- 9 | 10-12 | 13-15 || total
-------------------------+-------+-------+-------+-------+-------++-------
Melee: Dagger            |    10 |     3 |     4 |       |       ||    17
       Tailslap          |     1 |     1 |     3 |     1 |     1 ||     7
       Staff             |       |       |    12 |     3 |     5 ||    20
Throw: Stone             |       |       |       |     1 |       ||     1
 Cast: Sting             |    52 |    41 |    18 |     7 |    16 ||   134
       Poisonous Vapours |     6 |    40 |    51 |    58 |     1 ||   156
       Olgreb's Toxic Ra |       |    10 |    64 |   128 |    27 ||   229
       Mephitic Cloud    |       |     5 |     7 |    21 |    11 ||    44
       Magic Dart        |       |       |   175 |    45 |    16 ||   236
       Conjure Flame     |       |       |    23 |    14 |     2 ||    39
       Sandblast         |       |       |       |   112 |   103 ||   215
       Ignite Poison     |       |       |       |    88 |    43 ||   131
       Venom Bolt        |       |       |       |    41 |    23 ||    64
       Iskenderun's Batt |       |       |       |     2 |    26 ||    28
       Poison Arrow      |       |       |       |       |    15 ||    15
Evoke: Wand              |       |       |     3 |       |       ||     3
  Use: Scroll            |       |       |    11 |     1 |     7 ||    19
  Eat: Chunk             |     2 |    13 |    29 |    41 |    23 ||   108
       Ration            |       |       |     1 |       |     2 ||     3
Armor: Skin              |     9 |    13 |    91 |    65 |    39 ||   217
Dodge: Dodged            |    14 |    37 |   123 |   139 |    84 ||   397
Block: Buckler           |       |       |    17 |    60 |    58 ||   135
